 Dungeon Crawl Stone Soup version 0.22.1-2-g9c5b331383 (webtiles) character file.

12468 Marnok the Carver (level 12, -17/91 HPs)
             Began as a Human Fighter on Dec 28, 2018.
             Demolished by Snorg (19 damage)
             ... on level 2 of the Orcish Mines.
             The game lasted 01:12:13 (16660 turns).

Marnok the Carver (Human Fighter)                  Turns: 16660, Time: 01:12:14

Health: -17/91     AC: 19    Str: 17    XL:     12   Next: 20%
Magic:  12/12      EV:  8    Int:  9    God:
Gold:   771        SH: 12    Dex: 17    Spells: 11/11 levels left

rFire    + . .     SeeInvis .   a - +9 long sword
rCold    . . .     Gourm    .   c - +0 shield
rNeg     . . .     Faith    .   u - +2 chain mail {rF+}
rPois    .         Spirit   .   o - +0 helmet
rElec    .         Reflect  .   h - +2 cloak
rCorr    .         Harm     .   (no gloves)
MR       .....                  t - +0 pair of boots {Fly}
Stlth    ..........             z - amulet of rage
HPRegen  0.25/turn              v - ring of flight
MPRegen  0.13/turn              L - ring of wizardry

@: no status effects
A: no striking features
a: Evoke Berserk Rage, Evoke Flight


You were on level 2 of the Orcish Mines.
You were not hungry.

You visited 2 branches of the dungeon, and saw 12 of its levels.
You also visited: Ossuary.

You collected 1172 gold pieces.
You spent 401 gold pieces at shops.

Inventory:

Hand Weapons
 a - a +9 long sword (weapon)
 k - a +2 short sword of venom
 l - a +3 halberd
 m - a +0 vampiric whip
 p - a +2 spear of freezing
 q - a +3 flail of crushing
 r - a +4 quarterstaff of chaos
 x - a +0 whip of flaming
 y - a +0 rapier
 B - a +0 long sword
 H - a +1 dagger of venom
 I - a cursed -2 flail
 J - a cursed -1 long sword
 O - a +2 mace of protection
 P - a +0 vampiric glaive
Armour
 c - a +0 shield (worn)
 h - a +2 cloak (worn)
 n - a +1 robe of cold resistance
 o - a +0 helmet (worn)
 t - a +0 pair of boots of flying (worn)
 u - a +2 chain mail of fire resistance (worn)
 F - a cursed +0 leather armour
 K - a +0 troll leather armour
Jewellery
 b - an uncursed ring of attention
 v - a ring of flight (left hand)
 z - an amulet of rage (around neck)
 L - a ring of wizardry (right hand)
Wands
 d - a wand of iceblast (3)
 s - a wand of polymorph (28)
 w - a wand of random effects (24)
 A - a wand of digging (16)
 M - a wand of enslavement (14)
Scrolls
 e - 3 scrolls of fog
 g - 5 scrolls of amnesia
 D - 3 scrolls of remove curse
 G - a scroll of magic mapping
Potions
 i - 7 potions of flight
 j - 4 potions of brilliance
 C - a potion of lignification
 E - 2 potions of cancellation
Comestibles
 f - 7 rations
 N - 6 chunks of flesh


   Skills:
 + Level 7.3 Fighting
 + Level 11.8 Long Blades
 + Level 2.4 Maces & Flails
 + Level 8.7 Armour
 + Level 3.6 Dodging
 + Level 2.0 Stealth
 + Level 9.2 Shields
 + Level 0.2 Evocations


You had 11 spell levels left.
You didn't know any spells.
Your spell library contained the following spells:

 Spells                   Type           Power        Failure   Level  Hunger
 Animate Skeleton         Necr           N/A          96%         1    ##.....
 Corona                   Hex            #......      96%         1    ##.....
 Pain                     Necr           #...         96%         1    ##.....
 Ensorcelled Hibernation  Hex/Ice        #.....       99%         2    ###....
 Confuse                  Hex            #.......     100%        3    ####...
 Dazzling Spray           Conj/Hex       #.....       100%        3    ####...
 Regeneration             Chrm/Necr      #.........   100%        3    ####...
 Tukima's Dance           Hex            #.......     100%        3    ####...
 Vampiric Draining        Necr           #.........   100%        3    ####...
 Animate Dead             Necr           N/A          100%        4    #####..


Dungeon Overview and Level Annotations

Branches:
Dungeon (10/15)            Temple (0/1) D:6            Lair (0/6) D:9
    Orc (2/2) D:9
    Elf: Orc:2

Altars:
Elyvilon
Gozag

Shops:
D:4 [   Orc:1 }

Annotations:
Orc:2 Snorg


Message History

Snorg rages.
Snorg bites you but does no damage. Snorg claws you but does no damage.
You block Snorg's attack. You block Snorg's attack. Snorg claws you!
* * * LOW HITPOINT WARNING * * *
Snorg claws you but does no damage. You block Snorg's attack.
Snorg claws you but does no damage. x2
Snorg bites you but does no damage. You block Snorg's attack.
Snorg barely misses you. Snorg bites you!
* * * LOW HITPOINT WARNING * * *
Snorg closely misses you. You block Snorg's attack.
You hear a shout!
Snorg barely misses you. Snorg claws you!
* * * LOW HITPOINT WARNING * * *
Snorg claws you.
* * * LOW HITPOINT WARNING * * *
You block Snorg's attack. Snorg barely misses you. You block Snorg's attack.
Snorg bites you!!
You die...

........#.# ### ..........###
###.## ##.........#.### #
##....#####............#.## ##.
#....##..#.......#.....#..#
#...#....##.........##......... .
#...#....O##.......# #.........
.###.......#.O.....#####.........
.#.##.....####.T@...#...........#
#........O.# ###...............##
.......##O## ##...........####
........#.## #...........#
...........# #...........#
.##.......## ###........##
.........#### #.#.........##
..........#.######...........##
.............##...............##


You could see Snorg (berserk) and 2 ogres.

Vanquished Creatures
  An ogre mage (D:9)
  3 two-headed ogres (D:9)
  An orc high priest (D:9)
  Pikel (D:5)
  3 trolls (D:9)
  A spriggan (D:9)
  Eustachio (D:5)
  The ghost of Naru the Skirmisher, an amateur MiFi (D:3)
  A yak (D:9)
  Grum (D:8)
  2 wargs (D:9)
  Edmund (D:5)
  Duvessa (D:7)
  2 sky beasts
  A black bear (D:7)
  An eye of draining (D:8)
  14 ogres
  14 orc warriors
  4 wolves (D:8)
  3 phantoms
  5 centaurs
  A big kobold (D:9)
  6 gnoll sergeants
  7 bullfrogs
  Dowan (D:7)
  5 scorpions
  6 killer bees (D:8)
  A crimson imp (D:6)
  2 centaur skeletons
  4 hounds
  A jelly (D:9)
  3 bullfrog skeletons
  7 orc priests
  A gnoll shaman (D:9)
  10 orc wizards
  Crazy Yiuf (D:2)
  Jessica (D:3)
  2 iguanas
  5 worker ants
  Ijyb (D:3)
  A killer bee zombie (D:6)
  14 mummies (Ossuary)
  Robin (D:2)
  2 worker ant zombies
  16 gnolls
  20 adders
  3 shadow imps
  2 oozes
  An adder skeleton (D:6)
  An adder zombie (D:5)
  2 worms
  2 leopard geckos
  36 orcs
  4 ball pythons
  7 giant cockroaches
  23 goblins
  12 hobgoblins
  16 jackals
  4 kobolds
  6 quokkas
  8 bats
  7 frilled lizards
  A gnoll skeleton (Ossuary)
  A goblin skeleton (Ossuary)
  2 kobold skeletons (Ossuary)
  4 orc skeletons (Ossuary)
  A quokka skeleton (D:6)
  10 rats
  11 rat skeletons (Ossuary)
345 creatures vanquished.

Vanquished Creatures (others)
  A jackal (D:5)
  10 fungi (D:9)
  4 plants (D:9)
15 creatures vanquished.

Grand Total: 360 creatures vanquished

Notes
Turn   | Place    | Note
-------+----------+-------------------------------------------
     0 | D:1      | Marnok the Human Fighter began the quest for the Orb.
     0 | D:1      | Reached XP level 1. HP: 18/18 MP: 1/1
    82 | D:1      | Reached XP level 2. HP: 21/24 MP: 2/2
   408 | D:1      | Reached XP level 3. HP: 29/29 MP: 3/3
  1057 | D:2      | Noticed Robin
  1065 | D:2      | Killed Robin
  1065 | D:2      | Reached skill level 1 in Dodging
  1065 | D:2      | Reached XP level 4. HP: 21/35 MP: 4/4
  1422 | D:2      | Reached skill level 3 in Long Blades
  1656 | D:2      | Reached XP level 5. HP: 41/41 MP: 5/5
  1695 | D:2      | Found a runed door.
  1724 | D:2      | Noticed Crazy Yiuf
  1736 | D:2      | Killed Crazy Yiuf
  2192 | D:4      | Noticed an ogre
  2198 | D:3      | Found a runed gate.
  2198 | D:3      | Found a runed gate.
  2198 | D:3      | Found a runed gate.
  2199 | D:3      | Noticed Naru's ghost (amateur MiFi)
  2207 | D:3      | Reached skill level 4 in Long Blades
  2547 | D:3      | Noticed Jessica
  2550 | D:3      | Noticed Ijyb
  2577 | D:3      | Killed Ijyb
  2577 | D:3      | Reached XP level 6. HP: 47/47 MP: 6/6
  2586 | D:3      | Killed Jessica
  3221 | D:3      | Killed Naru's ghost
  3221 | D:3      | Reached skill level 5 in Long Blades
  3221 | D:3      | Reached XP level 7. HP: 42/53 MP: 7/7
  3972 | D:5      | Entered Level 5 of the Dungeon
  3980 | D:4      | Found an opulent altar of Gozag.
  4259 | D:5      | Noticed Edmund
  4305 | D:4      | Reached XP level 8. HP: 52/60 MP: 8/8
  4455 | D:4      | Reached skill level 6 in Long Blades
  4760 | D:4      | Reached skill level 5 in Shields
  4796 | D:4      | Found a white marble altar of Elyvilon.
  4895 | D:4      | Found Toto's Armour Boutique.
  4918 | D:4      | Bought a +0 pair of boots of flying for 161 gold pieces
  5306 | D:5      | Noticed Eustachio
  5322 | D:5      | Killed Eustachio
  5450 | D:5      | Killed Edmund
  5450 | D:5      | Reached skill level 7 in Long Blades
  5643 | D:5      | Noticed Pikel
  5649 | D:5      | Reached XP level 9. HP: 56/67 MP: 9/9
  5663 | D:5      | Killed Pikel
  5663 | D:5      | Reached skill level 5 in Fighting
  5663 | D:5      | Reached skill level 5 in Armour
  6345 | D:7      | Reached skill level 8 in Long Blades
  6375 | D:7      | Noticed Duvessa
  6375 | D:7      | Noticed Dowan
  6391 | D:7      | Killed Duvessa
  6413 | D:7      | Killed Dowan
  6574 | D:7      | Found a sand-covered staircase.
  6579 | Ossuary  | Entered an ossuary
  7090 | Ossuary  | Reached skill level 1 in Maces & Flails
  7605 | D:6      | Found a staircase to the Ecumenical Temple.
  8113 | D:6      | Reached XP level 10. HP: 73/74 MP: 10/10
  8543 | D:8      | Reached skill level 1 in Stealth
  8559 | D:8      | Reached skill level 9 in Long Blades
  8676 | D:8      | Noticed Grum
  8695 | D:8      | Killed Grum
  9748 | D:9      | Reached skill level 10 in Long Blades
  9870 | D:10     | Entered Level 10 of the Dungeon
 10135 | D:9      | Found a staircase to the Lair.
 10231 | D:9      | Reached XP level 11. HP: 56/81 MP: 11/11
 10402 | D:9      | Found a staircase to the Orcish Mines.
 11200 | D:9      | Reached skill level 11 in Long Blades
 11512 | Orc:1    | Entered Level 1 of the Orcish Mines
 11517 | Orc:1    | Noticed a two-headed ogre
 11518 | Orc:1    | Noticed a two-headed ogre
 11625 | Orc:1    | Noticed a two-headed ogre
 11886 | Orc:1    | Noticed a two-headed ogre
 11886 | Orc:1    | Noticed a two-headed ogre
 12264 | D:9      | Killed a two-headed ogre
 12701 | Orc:1    | Noticed an orc high priest
 12701 | Orc:1    | Noticed an ogre mage
 12710 | D:9      | Killed a two-headed ogre
 12963 | Orc:1    | Noticed a two-headed ogre
 13122 | D:7      | HP: 1/83 [two-headed ogre/giant club (13)]
 13867 | D:9      | HP: 1/83 [two-headed ogre/giant spiked club (16)]
 14553 | D:9      | Killed a two-headed ogre
 14671 | D:9      | Killed an orc high priest
 14833 | D:9      | Reached XP level 12. HP: 91/91 MP: 12/12
 15271 | D:9      | Killed an ogre mage
 16229 | Orc:1    | Found Acvuotan's Gadget Boutique.
 16238 | Orc:1    | Bought a wand of enslavement (14) for 240 gold pieces
 16292 | Orc:2    | Entered Level 2 of the Orcish Mines
 16624 | Orc:2    | Noticed Snorg
 16656 | Orc:2    | HP: 2/91 [Snorg (17)]
 16660 | Orc:2    | Demolished by Snorg

Skill      XL: |  1  2  3  4  5  6  7  8  9 10 11 |
---------------+----------------------------------+-----
Dodging        | 1 2 3 |  3.6
Long Blades    | 3 4 5 7 8 10 11 | 11.8
Shields        | 4 5 6 7 9 |  9.2
Armour         | 4 6 7 8 |  8.7
Fighting       | 4 5 6 7 |  7.3
Maces & Flails | 2 |  2.4
Stealth        | 1 2 |  2.0
Evocations     | |  0.2

Action                   |  1- 3 |  4- 6 |  7- 9 | 10-12 || total
-------------------------+-------+-------+-------+-------++-------
Melee: Long sword        |    95 |   233 |   395 |   585 ||  1308
       Flail             |       |       |    91 |       ||    91
 Abil: Stop Flying       |       |       |     1 |       ||     1
       Evoke Berserk Rag |       |       |     1 |       ||     1
Evoke: Wand              |       |       |       |     2 ||     2
  Use: Potion            |       |     6 |     2 |     5 ||    13
       Scroll            |       |     8 |    13 |    15 ||    36
 Stab: Invisible         |       |       |       |     3 ||     3
  Eat: Chunk             |     1 |     4 |    13 |    11 ||    29
       Ration            |       |     1 |     1 |     5 ||     7
Armor: Scale mail        |    56 |    82 |       |       ||   138
       Chain mail        |       |    46 |   225 |   294 ||   565
       Skin              |       |       |       |     6 ||     6
Dodge: Dodged            |    36 |    56 |   117 |   196 ||   405
Block: Shield            |    57 |   131 |   280 |   408 ||   876
       Rpst.: Long sword |    14 |    18 |    33 |    56 ||   121
